 Dungeon Crawl Stone Soup version 0.31.0-11-ge490571c62 (webtiles) character file.

Game seed: 10204906415638744768

167 Arcadio the Sneak (level 5, -1/42 HPs)
             Began as a Human Delver on Jan 29, 2024.
             Slain by a scorpion (4 damage)
             ... on level 3 of the Dungeon.
             The game lasted 00:05:24 (2599 turns).

Arcadio the Sneak (Human Delver)                    Turns: 2599, Time: 00:05:24

Health: -1/42      AC:  4    Str: 12    XL:     5   Next: 48%
Magic:  5/5        EV: 13    Int: 10    God:
Gold:   175        SH:  0    Dex: 17    Spells: 4/4 levels left

rFire   . . .        m - +2 dagger (holy)
rCold   . . .        (no shield)
rNeg    . . .        b - +0 leather armour
rPois   .            (no helmet)
rElec   .            (no cloak)
rCorr   .            (no gloves)
SInv    .            y - +0 pair of boots
Will    .....        u - amulet of magic regeneration
Stlth   +++          (no ring)
HPRegen 0.27/turn    (no ring)
MPRegen 0.49/turn

%: no passive effects
@: lethally poisoned (-1 -> -4)
A: explore regen
a: no special abilities


You were on level 3 of the Dungeon.
You visited 1 branch of the dungeon, and saw 5 of its levels.

You collected 175 gold pieces.

Inventory:

Hand Weapons
 a - a +0 mace
 i - a +0 dagger
 m - a +2 dagger of holy wrath (weapon)
Armour
 b - a +0 leather armour (worn)
 y - a +0 pair of boots (worn)
Jewellery
 u - an amulet of magic regeneration (around neck)
Wands
 g - a wand of digging (3)
Scrolls
 c - a scroll of fog
 d - a scroll of revelation
 e - a scroll of fear
 h - 2 scrolls of enchant weapon {unknown}
 k - a scroll of enchant armour {unknown}
 n - a scroll of vulnerability {unknown}
 s - 2 scrolls of identify {unknown}
 x - 2 scrolls of teleportation {unknown}
Potions
 f - 2 potions of haste
 j - a potion of mutation {unknown}
 o - a potion of lignification {unknown}
 p - a potion of enlightenment {unknown}
 q - 2 potions of resistance {unknown}
 r - a potion of might {unknown}
 t - a potion of magic {unknown}
 v - a potion of ambrosia {unknown}
 w - a potion of brilliance {unknown}


   Skills:
 + Level 3.9 Fighting
 + Level 3.2 Maces & Flails
 + Level 3.2 Dodging
 + Level 5.7 Stealth


You had 4 spell levels left.
You didn't know any spells.
Your spell library contained the following spells:

 Spells                   Type           Power      Damage    Failure   Level
 Sandblast                Erth           0%         2d4       43%         1
 Passwall                 Erth           0%         N/A       82%         3
 Stone Arrow              Conj/Erth      0%         3d7       82%         3
 Tukima's Dance           Hex            0%         N/A       82%         3
 Brom's Barrelling Bould  Conj/Erth      0%         2d3       99%         4
 Dimensional Bullseye     Hex/Tloc       0%         N/A       99%         4
 Iskenderun's Mystic Bla  Conj/Tloc      0%         2d3       99%         4
 Vhi's Electric Charge    Tloc/Air       0%         N/A       99%         4
 Arcjolt                  Conj/Air       0%         1d10      100%        5
 Plasma Beam              Fire/Air       0%         2x1d10    100%        6


Dungeon Overview and Level Annotations

Branches:
Dungeon (5/15)
 Temple: D:4-7

Altars:


Innate Abilities, Weirdness & Mutations

You regain HP and MP as you explore.


Message History

The scorpion is lightly wounded.
You feel sick. The scorpion closely misses you.
You closely miss the scorpion.
The scorpion is lightly wounded.
You feel sick. The scorpion misses you. The scorpion barely misses you.
You hit the scorpion but do no damage.
The scorpion is lightly wounded.
You feel sick. The scorpion barely misses you.
You hit the scorpion but do no damage.
The scorpion is lightly wounded.
You feel sick. The scorpion stings you.
You are more poisoned.
The scorpion poisons you!
You barely miss the scorpion.
The scorpion is lightly wounded.
You feel very sick. The scorpion barely misses you.
You hit the scorpion but do no damage.
The scorpion is lightly wounded.
You feel sick. The scorpion barely misses you.
You closely miss the scorpion.
The scorpion is lightly wounded.
You feel sick. The scorpion closely misses you. The scorpion barely misses you.
You hit the scorpion but do no damage.
The scorpion is lightly wounded.
You feel sick. The scorpion stings you.
* * * LOW HITPOINT WARNING * * *
You barely miss the scorpion.
The scorpion is lightly wounded.
* * * LOW HITPOINT WARNING * * *
You feel sick. The scorpion closely misses you.
You hit the scorpion.
The scorpion is moderately wounded.
* * * LOW HITPOINT WARNING * * *
You feel sick. The scorpion barely misses you.
You closely miss the scorpion.
The scorpion is moderately wounded.
* * * LOW HITPOINT WARNING * * *
You feel sick. The scorpion stings you.
You die...

############ #.....@s...#
#..........#
#..........###########
#..........#.........#
#..........#.........#
#..........#.........#
#..........#.........#
#..........+.........#
######..........#.........#


You could see a scorpion.

Vanquished Creatures
  A hound (D:5)
  Jessica (D:2)
  3 adders
  3 dart slugs
  A ribbon worm (D:2)
  5 ball pythons
  6 endoplasms
  5 giant cockroaches
  8 goblins
  10 hobgoblins
  3 jackals (D:2)
  3 quokkas
  8 bats
  3 frilled lizards
  5 kobolds
  8 rats
73 creatures vanquished.

Notes
Turn   | Place    | Note
-------+----------+-------------------------------------------
     0 | D:5      | Arcadio the Human Delver began the quest for the Orb.
     0 | D:5      | Reached XP level 1. HP: 18/18 MP: 1/1
    14 | D:5      | Reached XP level 2. HP: 24/24 MP: 2/2
    25 | D:5      | Reached XP level 3. HP: 26/29 MP: 3/3
   450 | D:1      | Reached XP level 4. HP: 35/35 MP: 4/4
   695 | D:1      | Found a faded altar of an unknown god.
  1309 | D:2      | Noticed Jessica
  1318 | D:2      | Killed Jessica
  1319 | D:2      | Reached XP level 5. HP: 36/42 MP: 5/5
  2599 | D:3      | Slain by a scorpion

Illustrated notes

Levels and vault maps discovered:
D:1:      giann_horns, layout_loops_ring,
          hellmonk_ecumenical_altar_inner_sanctum
D:2:      layout_rooms, minmay_goblin_kobold_house, uniq_jessica
D:3:      layout_basic, minmay_misc_feat_five
D:4:      layout_cave_pools, temple_green
D:5:      layout_basic, kennysheep_path_1, grunt_ministairs_9

Skill      XL: |  1  2  3  4 |
---------------+-------------+-----
Maces & Flails | 3 |  3.2
Dodging        | 3 |  3.2
Fighting       | |  3.9
Stealth        | |  5.7

Action                     |  1- 3 |  4- 6 || total
---------------------------+-------+-------++-------
  Melee: Mace              |    24 |       ||    24
         Dagger            |    40 |   225 ||   265
         Punch             |     1 |     1 ||     2
    Use: Potion            |       |     2 ||     2
   Stab: Sleeping          |     3 |    18 ||    21
 Armour: Leather armour    |    33 |   100 ||   133
  Dodge: Dodged            |    60 |   144 ||   204
